 Dungeon Crawl Stone Soup version 0.20-a0-345-gbfb25ec (webtiles) character file.

714 terra52 the Firebug (level 7, -1/53 HPs)
             Began as a Green Draconian Fire Elementalist on Dec 22, 2016.
             Slain by Deathtrap2010's ghost (3 damage)
             ... on level 5 of the Dungeon.
             The game lasted 00:24:51 (4157 turns).

terra52 the Firebug (DrFE)                          Turns: 4157, Time: 00:24:52

Health: -1/53      AC:  8    Str: 10    XL:     7   Next: 41%
Magic:  1/13       EV: 13    Int: 17    God:
Gold:   189        SH:  0    Dex: 12    Spells: 11/14 levels left

rFire  . . .     SeeInvis .     k - +0 spear (venom)
rCold  . . .     Gourm    .     (armour unavailable)
rNeg   . . .     Faith    .     (no shield)
rPois  +         Spirit   .     (helmet restricted)
rElec  .         Reflect  .     m - +0 cloak
rCorr  .         Harm     .     (no gloves)
MR     .....                    y - +0 pair of boots
Stlth  ++........               (no amulet)
                                (no ring)
                                (no ring)

@: no status effects
A: breathe noxious fumes, unfitting armour, poison resistance, cold-blooded, AC
+6
a: Breathe Noxious Fumes


You were on level 5 of the Dungeon.
You were hungry.

You visited 1 branch of the dungeon, and saw 5 of its levels.

You collected 189 gold pieces.

Inventory:

Hand Weapons
 k - a +0 spear of venom (weapon)
 w - a +4 morningstar
Armour
 m - a +0 cloak (worn)
 y - a +0 pair of boots (worn)
Scrolls
 c - 3 scrolls of identify {unknown}
 e - 5 scrolls of teleportation {unknown}
 j - 2 scrolls of amnesia {unknown}
 o - 2 scrolls of remove curse {unknown}
 p - 2 scrolls of random uselessness {unknown}
 q - a scroll of magic mapping {unknown}
 t - a scroll of immolation {unknown}
Potions
 d - 2 potions of haste {unknown}
 f - a potion of flight {unknown}
 g - 3 potions of curing {unknown}
 i - a potion of brilliance {unknown}
 l - a potion of berserk rage {unknown}
 n - 2 potions of agility {unknown}
 r - 2 potions of ambrosia {unknown}
 s - 2 potions of heal wounds {unknown}
 u - a potion of magic {unknown}
 v - 2 potions of might {unknown}
 x - a potion of mutation {unknown}
Books
 a - a book of Flames

   Spells                             Type                      Level
   a - Flame Tongue                   Conjuration/Fire             1
   b - Throw Flame                    Conjuration/Fire             2
   c - Conjure Flame                  Conjuration/Fire             3
   d - Inner Flame                    Hexes/Fire                   3
   e - Sticky Flame                   Conjuration/Fire             4
   f - Fireball                       Conjuration/Fire             5
 A - a book of Maledictions

   Spells                             Type                      Level
   a - Corona                         Hexes                        1
   b - Ensorcelled Hibernation        Hexes/Ice                    2
   c - Confuse                        Hexes                        3
   d - Tukima's Dance                 Hexes                        3
   e - Dazzling Spray                 Conjuration/Hexes            3
Comestibles
 b - 3 bread rations
 h - 4 meat rations
 z - a slice of pizza


   Skills:
 + Level 1.8 Fighting
 + Level 2.4 Polearms
 + Level 2.6 Dodging
 + Level 2.6 Stealth
 + Level 0.6 Unarmed Combat
 + Level 4.3 Spellcasting
 + Level 3.6 Conjurations
 + Level 4.7 Fire Magic


You had 11 spell levels left.
You knew the following spells:

 Your Spells              Type           Power        Failure   Level  Hunger
a - Flame Tongue          Conj/Fire      ###..        2%          1    None
b - Throw Flame           Conj/Fire      ###...       4%          2    ##.....


Dungeon Overview and Level Annotations

Branches:
Dungeon (5/15)
 Temple: D:4-7

Altars:

Annotations:
D:5 Deathtrap2010's ghost, novice DsFi; Pikel


Innate Abilities, Weirdness & Mutations

You can breathe blasts of noxious fumes.
Your lurid green scales are hard. (AC +6)
You cannot fit into any form of body armour.
Your system is resistant to poisons. (rPois)
You are cold-blooded and may be slowed by cold attacks.


Message History

* * * LOW HITPOINT WARNING * * *
You hit Deathtrap2010's ghost but do no damage.
Deathtrap2010's ghost is almost destroyed.
Deathtrap2010's ghost hits you.
* * * LOW HITPOINT WARNING * * *
You hit Deathtrap2010's ghost but do no damage.
Deathtrap2010's ghost is almost destroyed.
Deathtrap2010's ghost hits you.
* * * LOW HITPOINT WARNING * * *
You hit Deathtrap2010's ghost.
Deathtrap2010's ghost is almost destroyed.
Deathtrap2010's ghost hits you but does no damage.
You barely miss Deathtrap2010's ghost.
Your tail-slap misses Deathtrap2010's ghost.
Deathtrap2010's ghost is almost destroyed.
Deathtrap2010's ghost barely misses you.
You barely miss Deathtrap2010's ghost.
Deathtrap2010's ghost is almost destroyed.
Deathtrap2010's ghost hits you.
You die...

#..........# #......
#.......#### #...... #.......##
#...... ######...# ##########
####### #...# #.........
#...###......... ###
#...'.'......... #..
#...###..W..........# #.. #...#
##@####.......# #.. ########.#
#...###.. #####
#...#.########........ ....#
#...#.##.....#........ ....#
#...#.##.....#......## ....#
#...#.##.....#......#
.^..########...#.##.....#......#
....'......'...'.##.....'..#####
....########...####.....####


You could see Deathtrap2010's ghost.

Vanquished Creatures
  2 slaves (D:5)
  A sky beast (D:5)
  A phantom (D:4)
  An ice beast (D:5)
  An ogre (D:4)
  A scorpion (D:4)
  2 hounds (D:4)
  An orc wizard (D:4)
  Natasha (D:4)
  2 worker ants (D:4)
  3 gnolls (D:4)
  4 adders
  An ooze (D:2)
  An adder skeleton (D:4)
  A worm (D:2)
  A leopard gecko (D:2)
  7 orcs (D:4)
  4 bats
  A giant cockroach (D:3)
  4 goblins
  3 hobgoblins
  9 jackals
  2 quokkas
  2 ball pythons
  5 frilled lizards
  12 kobolds
  7 rats
80 creatures vanquished.

Notes
Turn   | Place    | Note
-------+----------+-------------------------------------------
     0 | D:1      | terra52 the Draconian Fire Elementalist began the quest for the Orb.
     0 | D:1      | Reached XP level 1. HP: 14/14 MP: 3/3
   373 | D:1      | Reached XP level 2. HP: 20/20 MP: 1/5
   501 | D:1      | Learned a level 2 spell: Throw Flame
  1318 | D:2      | Reached XP level 3. HP: 26/26 MP: 0/6
  1917 | D:2      | Reached XP level 4. HP: 33/33 MP: 3/7
  2373 | D:3      | Reached skill level 1 in Polearms
  2739 | D:4      | Noticed an ogre
  2757 | D:4      | Killed an ogre
  2757 | D:4      | Reached XP level 5. HP: 21/39 MP: 0/9
  2970 | D:4      | Reached XP level 6. HP: 23/46 MP: 0/11
  3098 | D:4      | Reached skill level 1 in Fighting
  3145 | D:4      | Noticed Natasha
  3693 | D:4      | Killed Natasha
  3693 | D:4      | Your scales start taking on a lurid green colour.
  3693 | D:4      | Reached XP level 7. HP: 46/52 MP: 8/13
  3693 | D:4      | Gained mutation: Your system is resistant to poisons. (rPois) [Green Draconian growth]
  3720 | D:5      | Entered Level 5 of the Dungeon
  3740 | D:5      | Noticed Pikel
  4123 | D:5      | Noticed Deathtrap2010's ghost (novice DsFi)
  4154 | D:5      | HP: 1/53 [Deathtrap2010's ghost (6)]
  4157 | D:5      | Slain by Deathtrap2010's ghost

Vault maps used:
D:1:      evilmike_arrival_rings, hangedman_feature_mirror
D:3:      first_bread
D:4:      nrook_mini_vaults, uniq_natasha
D:5:      uniq_pikel, uniq_grinder

Skill      XL: |  1  2  3  4  5  6 |
---------------+-------------------+-----
Stealth        | 2 |  2.6
Dodging        | 2 |  2.6
Polearms       | 1 2 |  2.4
Spellcasting   | 3 4 |  4.3
Conjurations   | 2 3 |  3.6
Fire Magic     | 4 |  4.7
Fighting       | 1 |  1.8
Unarmed Combat | |  0.6

Action                   |  1- 3 |  4- 6 |  7- 9 || total
-------------------------+-------+-------+-------++-------
Melee: Unarmed           |    64 |       |       ||    64
       Tailslap          |    11 |     7 |     4 ||    22
       Spear             |    35 |    59 |    28 ||   122
 Cast: Flame Tongue      |    51 |    61 |    49 ||   161
       Throw Flame       |     9 |    14 |     1 ||    24
 Stab: Sleeping          |     2 |       |       ||     2
  Eat: Chunk             |     5 |     6 |     1 ||    12
Armor: Skin              |    34 |    22 |    15 ||    71
Dodge: Dodged            |    93 |    55 |    26 ||   174
